 Dungeon Crawl Stone Soup version 0.28-a0-1415-g7c84da036a (webtiles) character file.

Game seed: 8361401611636238634

653 HallandMoats the Skirmisher (level 7, -4/59 HPs)
             Began as a Ghoul Gladiator on Jan 7, 2022.
             Was an Initiate of Gozag.
             Slain by Duvessa (13 damage)
             ... on level 5 of the Dungeon.
             The game lasted 00:05:07 (5283 turns).

HallandMoats the Skirmisher (Ghoul Gladiator)       Turns: 5283, Time: 00:05:09

Health: -4/59      AC:  6    Str: 20    XL:     7   Next: 54%
Magic:  6/6        EV: 15    Int:  3    God:    Gozag
Gold:   370        SH:  4    Dex: 10    Spells: 6/6 levels left

rFire   + . .      SeeInvis .   b - +2 dagger (venom)
rCold   . . .      Faith    .   q - +0 buckler
rNeg    + + +      Spirit   .   p - +0 ring mail
rPois   ∞          Reflect  .   c - +0 helmet
rElec   .          Harm     .   t - scarf {repulsion}
rCorr   .          Rampage  .   (no gloves)
Will    +....                   (no boots)
Stlth   ..........              (no amulet)
HPRegen 0.00/turn               l - ring "Wehy" {Fire Will+}
MPRegen 0.10/turn               u - +4 ring of evasion

@: gold aura, inhibited regen, repel missiles
A: claws 1, cold resistance 1, negative energy resistance 3, inhibited
regeneration, torment resistance 2
a: Renounce Religion, Potion Petition, Call Merchant, Bribe Branch


You were on level 5 of the Dungeon.
You worshipped Gozag.
Gozag was aware of your devotion.
You visited 1 branch of the dungeon, and saw 5 of its levels.

You collected 370 gold pieces.

Inventory:

Hand Weapons
 a - a +0 quarterstaff
 b - a +2 dagger of venom (weapon)
Missiles
 d - 3 throwing nets (quivered)
Armour
 c - a +0 helmet (worn)
 p - a +0 ring mail (worn)
 q - a +0 buckler (worn)
 t - a scarf of repulsion (worn)
Jewellery
 l - the ring "Wehy" (left claw) {Fire Will+}
   (You found it on level 2 of the Dungeon)

   [ring of fire]

   It enhances your fire magic.
   rF:        It protects you from fire.
   rC:        It makes you vulnerable to cold.
   Will:      It increases your willpower.
 u - a +4 ring of evasion (right claw)
Scrolls
 f - a scroll of torment {unknown}
 g - a scroll of teleportation {unknown}
 h - a scroll of noise {unknown}
 i - a scroll of immolation {unknown}
 m - a scroll of enchant weapon {unknown}
 n - 2 scrolls of fog {unknown}
 s - a scroll of identify {unknown}
Potions
 e - 3 potions of curing {unknown}
 j - a potion of ambrosia {unknown}
 k - a potion of magic {unknown}
 o - a potion of invisibility {unknown}
 r - 2 potions of haste {unknown}


   Skills:
 + Level 4.1 Fighting
 + Level 4.0 Staves
 - Level 2.4 Throwing
 + Level 2.7 Armour
 + Level 4.0 Dodging
 * Level 3.2 Shields


You had 6 spell levels left.
You didn't know any spells.
Your spell library contained the following spells:

 Spells                   Type           Power      Damage    Failure   Level
 Animate Skeleton         Necr           0%         N/A       80%         1
 Apportation              Tloc           0%         N/A       80%         1
 Summon Small Mammal      Summ           0%         N/A       80%         1
 Gell's Gravitas          Tloc           0%         N/A       99%         3
 Summon Guardian Golem    Hex/Summ       0%         N/A       99%         3
 Teleport Other           Tloc           0%         N/A       99%         3
 Dispersal                Tloc           0%         N/A       100%        6
 Orb of Destruction       Conj           0%         N/A       100%        7
 Spellforged Servitor     Conj/Summ      0%         N/A       100%        7


Dungeon Overview and Level Annotations

Branches:
Dungeon (5/15)             Temple (0/1) D:4

Altars:
Gozag

Shops:
D:1 [

Portals:
Abyss: D:3

Annotations:
D:3 2 transporters, croobank's ghost, weakling DsAK
D:5 Duvessa


Innate Abilities, Weirdness & Mutations

You thrive by killing the living.
You are immune to poison.
You have sharp fingernails.
Your flesh is cold resistant. (rC+)
You are immune to negative energy. (rN+++)
You do not regenerate when monsters are visible.
You are immune to unholy pain and torment.


Message History

Dowan is almost dead.
You kill Dowan!
Duvessa weeps, and shakes her weapon.
Duvessa goes berserk!
You block Duvessa's attack.
Duvessa is nearby!
You barely miss Duvessa.
Duvessa is lightly wounded.
Duvessa misses you. Duvessa closely misses you.
Duvessa is nearby!
You closely miss Duvessa.
Duvessa is lightly wounded.
You block Duvessa's attack.
Duvessa is nearby!
You hit Duvessa but do no damage.
Duvessa is poisoned.
Duvessa is lightly wounded.
Duvessa hits you with a +0 short sword! You block Duvessa's attack.
Duvessa is nearby!
You are too injured to fight recklessly!
Duvessa is nearby!
You are too injured to fight recklessly!
Duvessa is nearby!
You are too injured to fight recklessly!
Duvessa is nearby!
You are too injured to fight recklessly!
Duvessa is nearby!
You are too injured to fight recklessly!
Duvessa is nearby!
You are too injured to fight recklessly!
Unknown command.
You closely miss Duvessa.
Duvessa is lightly wounded.
Duvessa is distracted by your dazzling golden aura.
You hit Duvessa but do no damage.
Duvessa looks as sick as possible!
Duvessa is no longer distracted by gold.
Duvessa is lightly wounded.
Duvessa hits you with a +0 short sword!
* * * LOW HITPOINT WARNING * * *
Duvessa hits you with a +0 short sword!
You die...
Your body crumbles into a pile of gold.

...............
...............
#...........>#
#............
#.......... #.
#........####...
#...............
$
#.....<..$......
#.......@e......
......##.........
....###..........
... #!...##.#.#
.. #...## # # .
##.## ###


You could see Duvessa (berserk, extremely poisoned).

Vanquished Creatures
  An ogre (D:4)
  A scorpion (D:4)
  Dowan (D:5)
  A crimson imp (D:4)
  2 orc priests
  A hound (D:4)
  An iguana (D:4)
  3 orc wizards
  A hound skeleton (D:4)
  4 gnolls
  6 adders
  A white imp (D:4)
  A worm (D:4)
  4 dart slugs
  16 orcs
  4 endoplasms
  6 giant cockroaches
  5 goblins
  9 hobgoblins
  5 quokkas
  6 ball pythons
  10 bats
  4 frilled lizards (D:1)
  17 kobolds
  A rat (D:1)
111 creatures vanquished.

Notes
Turn   | Place    | Note
-------+----------+-------------------------------------------
     0 | D:1      | HallandMoats the Ghoul Gladiator began the quest for the
                  | Orb.
     0 | D:1      | Reached XP level 1. HP: 17/17 MP: 0/0
   329 | D:1      | Found Zuroigext's Armour Shop.
   336 | D:1      | Reached XP level 2. HP: 25/25 MP: 1/1
   863 | D:1      | Reached XP level 3. HP: 26/30 MP: 2/2
  1337 | D:1      | Reached skill level 1 in Armour
  1739 | D:2      | Identified the ring "Wehy" {Fire Will+}
  1946 | D:2      | Found a faded altar of an unknown god.
  1967 | D:2      | Reached XP level 4. HP: 35/37 MP: 3/3
  2821 | D:3      | Noticed a kobold brigand
  2863 | D:3      | Reached XP level 5. HP: 43/45 MP: 4/4
  3107 | D:3      | Reached skill level 1 in Shields
  3250 | D:3      | Noticed croobank's ghost (weakling DsAK)
  3253 | D:3      | Found a transporter.
  3257 | D:3      | Found a transporter.
  3258 | D:3      | Found a one-way gate to the infinite horrors of the Abyss.
  3258 | D:3      | Noticed a small abomination
  3260 | D:3      | Noticed a small abomination
  3687 | D:4      | Reached XP level 6. HP: 47/51 MP: 5/5
  4116 | D:2      | Prayed at the altar of an unknown god.
  4116 | D:2      | Became a worshipper of Gozag Ym Sagoz the Greedy
  4303 | D:4      | Found a staircase to the Ecumenical Temple.
  4491 | D:4      | Reached XP level 7. HP: 44/58 MP: 6/6
  5267 | D:5      | Entered Level 5 of the Dungeon
  5267 | D:5      | Noticed Duvessa
  5267 | D:5      | Noticed Dowan
  5278 | D:5      | Killed Dowan
  5283 | D:5      | Slain by Duvessa

Illustrated notes

Levels and vault maps discovered:
D:1:      shiori_shiawase, layout_basic, serial_shops, shop,
          minmay_close_crescents
D:2:      layout_loops_ring, ebering_ecumenical_altar_abandoned
D:3:      layout_loops_ring, gammafunk_ghost_abyssal_escape
D:4:      layout_gridville, minmay_temple_entry_slanted, minmay_fire_ice_demons
D:5:      layout_cave_pools, uniq_duvessa

Skill      XL: |  1  2  3  4  5  6  7 |
---------------+----------------------+-----
Throwing       | 2 |  2.4
Dodging        | 3 4 |  4.0
Armour         | 1 2 |  2.7
Staves         | 3 4 |  4.0
Fighting       | 3 4 |  4.1
Shields        | 1 2 3 |  3.2

Action                   |  1- 3 |  4- 6 |  7- 9 || total
-------------------------+-------+-------+-------++-------
Melee: Quarterstaff      |    24 |       |       ||    24
       Dagger            |   110 |   205 |    87 ||   402
       Punch             |     1 |       |       ||     1
 Stab: Distracted        |       |       |     1 ||     1
Armor: Leather armour    |    37 |     3 |       ||    40
       Ring mail         |       |    70 |    23 ||    93
Dodge: Dodged            |    80 |    97 |    36 ||   213
Block: Buckler           |       |    28 |    18 ||    46

Table legend: (Time is in decaauts)
 A = Elapsed time spent in this place.
 B = Non-inter-level travel time spent in this place.
 C = Inter-level travel time spent in this place.
 D = Time resting spent in this place.
 E = Time spent auto-exploring this place.
 F = Levels seen in this place.
 G = Mean time per level.
                   A        B        C        D        E       F      G
               +--------+--------+--------+--------+--------+-----+--------+
         Total |   5301 |   5061 |    240 |    854 |   3382 |   5 | 1060.2 |
       Dungeon |   5301 |   5061 |    240 |    854 |   3382 |   5 | 1060.2 |
               +--------+--------+--------+--------+--------+-----+--------+

Top non-repeatable levels by time:
     D:1: 1845 daAuts
     D:4: 1568 daAuts
     D:2: 997 daAuts
     D:3: 872 daAuts
     D:5: 16 daAuts
